 Dungeon Crawl Stone Soup version 0.29.1-12-g30fa7ad0bf (webtiles) character file.

Game seed: 13667929436280748130

903 112233 the Grave Robber (level 7, -13/55 HPs)
             Began as a Mummy Necromancer on Dec 17, 2022.
             Mangled by Menkaure (20 damage)
             ... on level 4 of the Dungeon.
             The game lasted 00:06:21 (5910 turns).

112233 the Grave Robber (Mummy Necromancer)         Turns: 5910, Time: 00:06:21

Health: -13/55     AC:  5    Str: 11    XL:     7   Next: 80%
Magic:  11/12      EV: 13    Int: 17    God:
Gold:   285        SH:  0    Dex: 18    Spells: 4/13 levels left

rFire   x . .      SeeInvis .   o - +1 war axe of Fate {drain, rPois Dex+6}
rCold   + . .      Faith    .   (no shield)
rNeg    + + +      Spirit   .   a - +0 robe
rPois   ∞          Reflect  .   s - +1 helmet
rElec   .          Harm     .   (no cloak)
rCorr   .          Rampage  .   (no gloves)
Will    .....                   n - +0 pair of boots
Stlth   ++........              (no amulet)
HPRegen 0.18/turn               (no ring)
MPRegen 0.13/turn               (no ring)

@: no status effects
A: cold resistance 1, negative energy resistance 3, torment resistance 2, heat
vulnerability 1, in touch with death 1, no potions
a: no special abilities


You were on level 4 of the Dungeon.
You visited 1 branch of the dungeon, and saw 6 of its levels.

You collected 285 gold pieces.

Inventory:

Hand Weapons
 b - a +0 club
 e - a +2 short sword of electrocution
 o - the +1 war axe of Fate (weapon) {drain, rPois Dex+6}
   (You found it on level 3 of the Dungeon)

   A truly terrible weapon, it drains the life of any living foe it strikes.
   Dex:       It affects your dexterity (+6).
   rPois:     It protects you from poison.
Armour
 a - a +0 robe (worn)
 n - a +0 pair of boots (worn)
 s - a +1 helmet (worn)
 t - a +0 buckler
Jewellery
 k - a ring of fire
 q - a ring of protection from cold
Wands
 i - a wand of charming (18)
Scrolls
 c - a scroll of poison {unknown}
 d - a scroll of enchant armour
 f - 6 scrolls of identify {unknown}
 g - a scroll of amnesia {unknown}
 j - a scroll of noise {unknown}
 l - 2 scrolls of vulnerability {unknown}
 m - a scroll of magic mapping {unknown}
 p - a scroll of blinking {unknown}
 r - a scroll of silence {unknown}
 u - a scroll of fear {unknown}


   Skills:
 + Level 4.7 Fighting
 + Level 2.3 Dodging
 - Level 1.5 Stealth
 + Level 3.6 Spellcasting
 + Level 7.9 Necromancy


You had 4 spell levels left.
You knew the following spells:

 Your Spells              Type           Power      Damage    Failure   Level
a - Necrotise             Necr           100%       1d9       1%          1
b - Vampiric Draining     Necr           45%        2d9       1%          3
c - Agony                 Necr           45%        N/A       17%         5

Your spell library contained the following spells:

 Spells                   Type           Power      Damage    Failure   Level
 Animate Dead             Necr           45%        N/A       6%          4
 Anguish                  Hex/Necr       12%        N/A       32%         4
 Enfeeble                 Hex            1%         N/A       100%        7


Dungeon Overview and Level Annotations

Branches:
Dungeon (6/15)
 Temple: D:4-7

Altars:
Qazlal

Shops:
D:2 ?

Annotations:
D:3 exclusion: downstairs
D:4 Menkaure, Pikel
D:5 Dowan


Innate Abilities, Weirdness & Mutations

You are immune to poison.
Your flesh is cold resistant. (rC+)
You are immune to negative energy. (rN+++)
You are immune to unholy pain and torment.
You are vulnerable to heat. (rF-)
You are in touch with the powers of death.
You do not drink.


Message History

Unknown command.
You hit Menkaure.
Menkaure is moderately damaged.
Your ball python skeleton bites Menkaure but does no damage.
Your ball python skeleton grabs Menkaure.
Your ball python skeleton constricts Menkaure.
Menkaure hits you!
Your ball python skeleton bites Menkaure but does no damage.
Your ball python skeleton constricts Menkaure.
Okay, then.
You can't drink.
Unknown command.
Okay, then.
You hit Menkaure but do no damage.
Menkaure is moderately damaged.
Menkaure closely misses you.
Menkaure whispers, "It doesn't hurt if you pull your brain out of your nose yourself."
Menkaure hits you!
Your ball python skeleton bites Menkaure but does no damage.
Your ball python skeleton constricts Menkaure.
You are too injured to fight recklessly!
Unknown command.
You are too injured to fight recklessly!
You hit Menkaure.
Menkaure is heavily damaged.
Menkaure completely misses you.
Your ball python skeleton bites Menkaure.
Your ball python skeleton constricts Menkaure.
Menkaure hits you!!
* * * LOW HITPOINT WARNING * * *
Your ball python skeleton bites Menkaure but does no damage.
Your ball python skeleton constricts Menkaure.
Okay, then.
You hit Menkaure. You punch Menkaure.
Menkaure is almost destroyed.
Menkaure closely misses you.
Your ball python skeleton completely misses Menkaure.
Your ball python skeleton constricts Menkaure.
Menkaure hits you!!
You die...

#.....## ###.##..
#......# #.......
#......# #.#.##..
#......# #.#.####
######.## #...#
#......###.### #
#.###......#
.##.#.##.####.###.#
.......@....#.# #.#
#.....MZ.##.#.# #.#
#.#.##.#... ..# #.#
# ..#.#.#......#
##.#.#...######
#.#.# ### ....# ##
##


You could see Menkaure (fast, ally target) and a friendly ball python skeleton.

Vanquished Creatures
  A wyvern (D:5)
  A water moccasin (D:5)
  Duvessa (D:5)
  A sky beast (D:3)
  A phantom (D:4)
  Blork the orc (D:5)
  2 hounds
  A jelly (D:3)
  An iguana (D:5)
  Robin (D:3)
  5 adders
  A worm (D:3)
  2 dart slugs
  8 orcs
  8 endoplasms
  2 giant cockroaches
  15 goblins
  8 hobgoblins
  8 jackals
  9 kobolds
  2 quokkas
  6 ball pythons
  9 bats
  2 frilled lizards
  A rat (D:2)
97 creatures vanquished.

Vanquished Creatures (collateral kills)
  A hound (D:5)
  A frilled lizard (D:2)
2 creatures vanquished.

Grand Total: 99 creatures vanquished

Notes
Turn   | Place    | Note
-------+----------+-------------------------------------------
     0 | D:1      | 112233 the Mummy Necromancer began the quest for the Orb.
     0 | D:1      | Reached XP level 1. HP: 13/13 MP: 4/4
   227 | D:1      | Reached XP level 2. HP: 19/19 MP: 3/5
   520 | D:1      | Found a faded altar of an unknown god.
  1293 | D:2      | Reached skill level 5 in Necromancy
  1338 | D:2      | Gained mutation: You are in touch with the powers of death.
                  | [Mummy growth]
  1338 | D:2      | Reached XP level 3. HP: 24/24 MP: 4/7
  1828 | D:2      | Reached XP level 4. HP: 27/30 MP: 1/8
  2022 | D:2      | Found Deponic's Magic Scroll Shoppe.
  2905 | D:3      | Reached skill level 6 in Necromancy
  2915 | D:3      | Identified the +1 war axe of Fate {drain, rPois Dex+6}
  3641 | D:4      | Noticed a sky beast
  3728 | D:4      | Noticed a phantom
  3774 | D:4      | Noticed Pikel
  3774 | D:4      | Noticed a lemure
  3774 | D:4      | Noticed a lemure
  3774 | D:4      | Noticed a lemure
  3826 | D:4      | Noticed Robin
  3845 | D:3      | Reached skill level 1 in Fighting
  3845 | D:3      | Reached XP level 5. HP: 28/37 MP: 2/9
  3849 | D:3      | Learned a level 3 spell: Vampiric Draining
  3929 | D:3      | Killed a sky beast
  4258 | D:3      | Killed Robin
  4428 | D:3      | Reached XP level 6. HP: 45/46 MP: 0/10
  4778 | D:4      | You fall into a shaft and drop 2 floors!
  4792 | D:5      | Entered Level 5 of the Dungeon
  4792 | D:5      | Noticed Edmund
  4799 | D:5      | Noticed Edmund
  4799 | D:5      | Edmund changed into Edmund the acid dragon
  4802 | D:5      | Noticed Edmund
  4802 | D:5      | Edmund the acid dragon changed into Edmund the wyvern
  4806 | D:5      | Killed Edmund the wyvern
  4807 | D:5      | Reached skill level 7 in Necromancy
  4995 | D:5      | Noticed a water moccasin
  5010 | D:5      | Killed a water moccasin
  5011 | D:5      | Reached XP level 7. HP: 27/54 MP: 1/11
  5249 | D:5      | Found a stormy altar of Qazlal.
  5254 | D:5      | Noticed Blork the orc
  5262 | D:5      | Killed Blork the orc
  5336 | D:5      | Noticed Dowan
  5338 | D:5      | Noticed Duvessa
  5353 | D:5      | Killed Duvessa
  5632 | D:3      | Learned a level 5 spell: Agony
  5900 | D:4      | Noticed Menkaure
  5910 | D:4      | Mangled by Menkaure

Illustrated notes

Levels and vault maps discovered:
D:1:      zelgadis_glass_arrival_small, layout_basic,
          shapermc_ecumenical_altar_hornbeckon
D:2:      layout_loops_ring, serial_shops, shop_coins,
          minmay_misc_feat_ornament, minmay_misc_feat_four_crosses,
          minmay_misc_feat_cross, minmay_pentomino_z4
D:3:      layout_basic, serial_park_tiny_pond
D:4:      layout_loops_cross, biasface_ghost_orc_armoury, uniq_robin,
          uniq_menkaure, uniq_pikel
D:5:      layout_rooms, grunt_qazlal_sundering, uniq_duvessa,
          uniq_blork_the_orc, uniq_crazy_yiuf_cottage, uniq_edmund
D:6:      layout_cave_pools, nicolae_uskayaw_dance_studio,
          lemuel_temple_firewalk_a

Skill      XL: |  1  2  3  4  5  6  7 |
---------------+----------------------+-----
Necromancy     | 5 6 7 |  7.9
Fighting       | 1 2 4 |  4.7
Spellcasting   | 3 |  3.6
Dodging        | 2 |  2.3
Stealth        | |  1.5

Action                   |  1- 3 |  4- 6 |  7- 9 || total
-------------------------+-------+-------+-------++-------
Melee: Short sword       |     6 |       |       ||     6
       War axe           |       |    23 |    25 ||    48
       Punch             |       |       |     2 ||     2
 Cast: Necrotise         |    76 |    63 |    21 ||   160
       Vampiric Draining |       |    18 |     6 ||    24
Evoke: Wand              |       |     4 |     1 ||     5
  Use: Scroll            |       |       |     3 ||     3
 Stab: Distracted        |       |     1 |       ||     1
Armor: Robe              |     3 |    25 |     6 ||    34
Dodge: Dodged            |    25 |    62 |    24 ||   111
